 Dungeon Crawl Stone Soup version 0.25.1-9-gc5326a611f (webtiles) character file.

Game seed: 9764047774095590742

18 RETERIOR the Caller (level 2, 0/15 HPs)
             Began as a Deep Elf Summoner on Jan 2, 2021.
             Slain by a leopard gecko (1 damage)
             ... on level 1 of the Dungeon.
             The game lasted 00:04:19 (1267 turns).

RETERIOR the Caller (Deep Elf Summoner)             Turns: 1267, Time: 00:04:20

Health: 0/15       AC:  2    Str:  5    XL:     2   Next: 48%
Magic:  4/8        EV: 13    Int: 19    God:
Gold:   65         SH:  0    Dex: 15    Spells: 6/7 levels left

rFire    . . .     SeeInvis .   d - +0 hunting sling
rCold    . . .     Gourm    .   (no shield)
rNeg     . . .     Faith    .   a - +0 robe
rPois    .         Spirit   .   (no helmet)
rElec    .         Reflect  .   (no cloak)
rCorr    .         Harm     .   (no gloves)
MR       .....                  (no boots)
Stlth    ++........             (no amulet)
HPRegen  0.05/turn              (no ring)
MPRegen  0.11/turn              (no ring)

@: mighty
A: no striking features
a: no special abilities


You were on level 1 of the Dungeon.
You were hungry.

You visited 1 branch of the dungeon, and saw 1 of its levels.

You collected 65 gold pieces.

Inventory:

Hand Weapons
 b - a cursed +0 club
 d - a +0 hunting sling (weapon)
Missiles
 f - 43 stones (quivered)
 i - 21 bolts
Armour
 a - a +0 robe (worn)
Scrolls
 e - a scroll of identify {unknown}
 g - a scroll of remove curse {unknown}
 h - a scroll of magic mapping {unknown}
Comestibles
 c - 3 rations


   Skills:
 + Level 2.4 Dodging
 + Level 2.5 Stealth
 + Level 3.4 Spellcasting
 + Level 4.8 Summonings


You had 6 spell levels left.
You knew the following spells:

 Your Spells              Type           Power        Failure   Level  Hunger
a - Summon Small Mammal   Summ           ###.         1%          1    None

Your spell library contained the following spells:

 Spells                   Type           Power        Failure   Level  Hunger
 Call Imp                 Summ           ###.....     3%          2    ##.....
 Call Canine Familiar     Summ           ###.....     6%          3    ###....
 Summon Guardian Golem    Hex/Summ       ##......     16%         3    ###....
 Summon Ice Beast         Ice/Summ       ##......     47%         4    ####...
 Summon Lightning Spire   Summ/Air       ##......     47%         4    ####...


Dungeon Overview and Level Annotations

Branches:
Dungeon (1/15)

Altars:


Message History

You see here a +0 club.
It was a potion of might.
You feel very mighty all of a sudden.
Your bat hits the rat but does no damage.
Your quokka bites the rat.
The rat dies!
The leopard gecko barely misses you.
Firing (i - inventory)
f - 44 stones (quivered)
Press: ? - help, Shift-Dir - straight line, f - leopard gecko
Aim: a leopard gecko (moderately wounded) Really fire in your rat's direction?
Okay, then.
Firing (i - inventory)
f - 44 stones (quivered)
Press: ? - help, Shift-Dir - straight line, f/p - leopard gecko
Aim: a leopard gecko (moderately wounded) Really fire in your rat's direction?
You shoot a stone. The stone misses the leopard gecko.
The stone closely misses your rat. The stone closely misses your bat.
Your quokka bites the leopard gecko.
The leopard gecko bites you.
You die...

### ### #####.## ♣♣♣♣♣♣#♣P♣♣#
.....#.## #♣PP≈..PPPPP#♣♣
......#.########PP.....PPP#PP♣
.###..........)#P÷÷r.§.÷#..#P♣
.......#######.)@lbr§..(#...#♣#
.###.#.# ###P.r.†..÷#..PPP# ##
#.#.# ###PP.....P.P#P♣#### #
#.#.#### #.#♣#P...PPPP# ♣ #..
#.#....####.# ♣♣P♣#♣♣##P# ##.
####.####...>..############# #.
.....#
#..................#####.
######
#.....................##.
#.#####.#####....####.##.


You could see a leopard gecko, 2 friendly quokkas, a friendly bat (summoned) and
a friendly rat (summoned).

Vanquished Creatures (collateral kills)
  A dart slug (D:1)
  3 leopard geckos (D:1)
  2 bats (D:1)
  3 hobgoblins (D:1)
  6 kobolds (D:1)
  2 frilled lizards (D:1)
  5 rats (D:1)
22 creatures vanquished.

Vanquished Creatures (others)
  A plant (D:1)
1 creature vanquished.

Grand Total: 23 creatures vanquished

Notes
Turn   | Place    | Note
-------+----------+-------------------------------------------
     0 | D:1      | RETERIOR the Deep Elf Summoner began the quest for the Orb.
     0 | D:1      | Reached XP level 1. HP: 10/10 MP: 6/6
   437 | D:1      | Reached XP level 2. HP: 10/15 MP: 4/8
  1267 | D:1      | Slain by a leopard gecko

Illustrated notes

Levels and vault maps discovered:
D:1:      nzn_arrival_crosshair, layout_loops_ring, chequers_arboretum,
          lexackson_kobold_supper

Action                   || total
-------------------------++-------
Melee: Unarmed           ||     4
       Hunting sling     ||     8
 Fire: Hunting sling     ||     3
 Cast: Summon Small Mamm ||    39
  Use: Potion            ||     1
Armor: Robe              ||     4
Dodge: Dodged            ||    32
